 Dungeon Crawl Stone Soup version 0.29-a0-490-g77b3608bb8 (webtiles) character file.

Game seed: 16535324462102457518

1781 oldark the Twirler (level 8, -3/57 HPs)
             Began as a White Draconian Conjurer on May 26, 2022.
             Was an Initiate of Ashenzari.
             Slain by an orc warrior
             ... wielding a +0 halberd
              (16 damage)
             ... on level 6 of the Dungeon on May 27, 2022.
             The game lasted 00:23:20 (8465 turns).

oldark the Twirler (White Draconian Conjurer)       Turns: 8465, Time: 00:23:21

Health: -3/57      AC:  7    Str: 10    XL:     8   Next: 81%
Magic:  5/14       EV: 12    Int: 21    God:    Ashenzari [......]
Gold:   412        SH:  0    Dex:  9    Spells: 4/15 levels left

rFire   . . .      SeeInvis .   y - staff of conjuration
rCold   + . .      Faith    .   (no shield)
rNeg    . . .      Spirit   .   (body armour unavailable)
rPois   .          Reflect  .   (helmet restricted)
rElec   .          Harm     .   (no cloak)
rCorr   .          Rampage  .   z - +0 pair of gloves
Will    .....                   (no boots)
Stlth   ++........              (no amulet)
HPRegen 0.19/turn               (no ring)
MPRegen 0.14/turn               (no ring)

@: no status effects
A: breathe frost, AC +6, unfitting armour, cold resistance 1, cold-blooded
a: Breathe Frost, Renounce Religion


You were on level 6 of the Dungeon.
You worshipped Ashenzari.
Ashenzari was noncommittal.
You visited 1 branch of the dungeon, and saw 6 of its levels.
You also visited: Sewer.

You collected 412 gold pieces.

Inventory:

Hand Weapons
 l - a +2 mace of protection
Armour
 z - a +0 pair of gloves (worn)
Magical Staves
 y - a staff of conjuration (weapon)
Wands
 w - a wand of flame (10)
 B - a wand of iceblast (9)
Scrolls
 b - 3 scrolls of immolation {unknown}
 e - a scroll of silence {unknown}
 g - 8 scrolls of identify {unknown}
 h - 3 scrolls of enchant armour {unknown}
 i - 3 scrolls of magic mapping {unknown}
 k - 4 scrolls of teleportation {unknown}
 m - 4 scrolls of enchant weapon {unknown}
 o - 2 scrolls of fog {unknown}
 p - a scroll of fear {unknown}
 x - a scroll of poison {unknown}
 A - 2 scrolls of noise {unknown}
 C - a scroll of torment {unknown}
Potions
 a - a potion of magic
 c - 3 potions of heal wounds
 d - a potion of haste
 f - 2 potions of might {unknown}
 j - a potion of berserk rage {unknown}
 n - 3 potions of attraction {unknown}
 q - a potion of flight {unknown}
 r - a potion of brilliance {unknown}
 s - 3 potions of mutation {unknown}
 t - 2 potions of resistance {unknown}
 u - 2 potions of curing {unknown}
 v - a potion of ambrosia {unknown}


   Skills:
 * Level 7.8 Staves
 - Level 1.7 Dodging
 - Level 1.7 Stealth
 - Level 4.2 Spellcasting
 - Level 7.2 Conjurations
 - Level 3.9 Ice Magic
 - Level 0.6 Evocations


You had 4 spell levels left.
You knew the following spells:

 Your Spells              Type           Power      Damage    Failure   Level
a - Magic Dart            Conj           100%       1d8       1%          1
b - Searing Ray           Conj           100%       2d8       1%          2
c - Freeze                Ice            84%        1d10      2%          1
d - Frozen Ramparts       Ice            42%        1d6       7%          3
e - Hailstorm             Conj/Ice       42%        3d10      12%         4

Your spell library contained the following spells:

 Spells                   Type           Power      Damage    Failure   Level
 Dazzling Flash           Conj/Hex       58%        N/A       8%          3
 Fulminant Prism          Conj/Hex       14%        3d9       26%         4
 Iskenderun's Mystic Bla  Conj/Tloc      29%        2d7       26%         4
 Call Canine Familiar     Summ           4%         N/A       34%         3
 Portal Projectile        Hex/Tloc       8%         N/A       34%         3
 Leda's Liquefaction      Hex/Erth       2%         N/A       75%         4


Dungeon Overview and Level Annotations

Branches:
Dungeon (6/15)              Sewer (visited)
 Temple: D:4-7

Altars:
Ashenzari
Cheibriados
Dithmenos
Fedhas
Ru
Sif Muna
Wu Jian
Xom
Yredelemnul

Shops:
D:1 [


Innate Abilities, Weirdness & Mutations

You can breathe waves of freezing cold which knock back foes.
Your icy white scales are hard. (AC +6)
You cannot fit into any form of body armour.
Your flesh is cold resistant. (rC+)
You are cold-blooded and may be slowed by cold attacks.


Message History

The orc warrior shouts!
The searing ray hits the orc priest!
The orc priest is severely wounded.
The searing ray hits the orc warrior.
The orc warrior is lightly wounded.
You hear a shout!
An orc comes into view. It is wielding a +3 whip.
The orc priest invokes the aid of Beogh against you.
Beogh smites you!
The searing ray hits the orc priest but does no damage.
The orc priest is severely wounded.
The searing ray hits the orc warrior!
The orc warrior is moderately wounded.
The searing ray hits the orc priest.
You kill the orc priest!
The searing ray hits the orc warrior.
The orc warrior is heavily wounded.
The searing ray hits the orc!
You kill the orc!
You finish channelling your searing ray.
The orc warrior closely misses you.
Casting: Searing Ray (safe; 1% risk of failure)
Confirm with . or Enter, or press ? or * to list all spells.
Aiming: Searing Ray (safe; 1% risk of failure)
Press: ? - help, Shift-Dir - straight line You feel a surge of power!
The searing ray hits the orc warrior.
The orc warrior is heavily wounded. (Press . to maintain the ray.)
The orc warrior hits you from afar with a +0 halberd!
The searing ray hits the orc warrior!
The orc warrior is severely wounded.
The orc warrior hits you from afar with a +0 halberd!
The searing ray hits the orc warrior.
The orc warrior is almost dead.
The orc warrior hits you from afar with a +0 halberd!!
* * * LOW HITPOINT WARNING * * *
The searing ray misses the orc warrior.
You finish channelling your searing ray.
The orc warrior hits you from afar with a +0 halberd!
You die...

#........##.#
###########.#
#####†#
#....>.
#......
#......
#......
###.######
#######
#..).o)@.#
########.#
#.# #.# #.#
#.# #.# #.#
#.#


You could see an orc warrior.

Vanquished Creatures
  A steam dragon (D:5)
  A black bear (D:6)
  An ice beast (D:6)
  An ogre (D:4)
  A phantom (D:5)
  4 kobold brigands
  A scorpion (D:4)
  3 wights (D:6)
  A jelly (D:4)
  3 orc priests
  4 hounds
  3 iguanas
  6 orc wizards
  A mummy (D:4)
  10 adders
  9 river rats (Sewer)
  3 shadow imps
  An ufetubus (D:4)
  A worm (D:3)
  5 dart slugs
  17 orcs
  13 endoplasms
  3 giant cockroaches
  13 hobgoblins
  3 jackals (D:4)
  25 kobolds
  8 quokkas
  8 ball pythons
  3 bats (D:2)
  4 frilled lizards
  7 goblins
  16 rats
180 creatures vanquished.

Notes
Turn   | Place    | Note
-------+----------+-------------------------------------------
     0 | D:1      | oldark the Draconian Conjurer began the quest for the Orb.
     0 | D:1      | Reached XP level 1. HP: 14/14 MP: 3/3
   561 | D:1      | Reached XP level 2. HP: 20/20 MP: 0/5
   617 | D:1      | Learned a level 2 spell: Searing Ray
  1058 | D:1      | Found a faded altar of an unknown god.
  1235 | D:1      | Found Zaqonydgh's Armour Shop.
  1438 | D:2      | Reached XP level 3. HP: 13/26 MP: 6/6
  2113 | D:2      | Reached skill level 5 in Conjurations
  2740 | D:3      | Reached XP level 4. HP: 33/33 MP: 3/8
  2799 | D:3      | Found a glowing drain.
  2804 | D:3      | Learned a level 1 spell: Freeze
  2805 | Sewer    | Entered a sewer
  3137 | Sewer    | Reached skill level 1 in Ice Magic
  3166 | Sewer    | Reached XP level 5. HP: 38/38 MP: 3/9
  3668 | Sewer    | Reached XP level 6. HP: 23/45 MP: 1/11
  4890 | D:3      | Found a shimmering blue altar of Sif Muna.
  5141 | D:3      | Found a shimmering altar of Xom.
  5668 | D:4      | Your scales start taking on an icy white colour.
  5668 | D:4      | Reached XP level 7. HP: 50/50 MP: 3/13
  5668 | D:4      | Gained mutation: Your flesh is cold resistant. (rC+) [White
                  | Draconian growth]
  5672 | D:4      | Learned a level 3 spell: Frozen Ramparts
  5677 | D:4      | Learned a level 4 spell: Hailstorm
  6551 | D:4      | Reached skill level 1 in Staves
  6812 | D:5      | Entered Level 5 of the Dungeon
  6852 | D:5      | Found a shadowy altar of Dithmenos.
  7074 | D:5      | Noticed a steam dragon
  7084 | D:5      | Killed a steam dragon
  7085 | D:5      | Reached XP level 8. HP: 28/57 MP: 3/14
  7382 | D:5      | Found an ornate altar of the Wu Jian Council.
  7426 | D:5      | Found a sacrificial altar of Ru.
  7700 | D:6      | Reached skill level 5 in Staves
  8364 | D:6      | Found a broken altar of Ashenzari.
  8426 | D:6      | Found a snail-covered altar of Cheibriados.
  8427 | D:6      | Found a basalt altar of Yredelemnul.
  8427 | D:6      | Found a blossoming altar of Fedhas.
  8435 | D:6      | Became a worshipper of Ashenzari the Shackled
  8465 | D:6      | Slain by an orc warrior

Illustrated notes

Levels and vault maps discovered:
D:1:      scummos_arrival_simple_crosswalls, layout_loops_ring, serial_shops,
          nicolae_lakefront_shop, hellmonk_ecumenical_altar_pennies_from_heaven
D:2:      layout_basic, guppyfry_early_orc_mine
D:3:      mumra_celtic_spiral_tile, layout_basic, lemuel_crystal_altar,
          led_sif_book, gup_sewer_entry_bowl, minmay_diced_spiral
D:4:      layout_layer_cave, gup_ossuary_entry_pyramid
D:5:      layout_basic, nicolae_ru_the_path_less_chosen, lemuel_tele_altar,
          grunt_dithmenos_smoke
D:6:      layout_basic, zin_purify, mainiacjoe_overflow_alcove_3

Skill      XL: |  1  2  3  4  5  6  7  8 |
---------------+-------------------------+-----
Conjurations   | 5 6 7 |  7.2
Spellcasting   | 3 4 |  4.2
Ice Magic      | 1 2 3 |  3.9
Staves         | 4 7 |  7.8
Dodging        | |  1.7
Stealth        | |  1.7
Evocations     | |  0.6

Action                   |  1- 3 |  4- 6 |  7- 9 || total
-------------------------+-------+-------+-------++-------
Melee: Unarmed           |    13 |       |       ||    13
       Club              |     8 |       |       ||     8
       Tailslap          |     5 |     5 |     2 ||    12
       Mace              |    16 |    66 |     4 ||    86
       Staff             |       |       |     8 ||     8
 Cast: Magic Dart        |    53 |    65 |    81 ||   199
       Searing Ray       |     7 |    25 |    22 ||    54
       Frozen Ramparts   |       |       |     3 ||     3
Evoke: Wand              |       |       |     3 ||     3
  Use: Potion            |       |     2 |       ||     2
 Stab: Sleeping          |     2 |       |       ||     2
Armor: Skin              |    10 |    27 |    17 ||    54
Dodge: Dodged            |    26 |    54 |    24 ||   104
Block: Other             |       |       |     3 ||     3

Table legend: (Time is in decaauts)
 A = Elapsed time spent in this place.
 B = Non-inter-level travel time spent in this place.
 C = Inter-level travel time spent in this place.
 D = Time resting spent in this place.
 E = Time spent auto-exploring this place.
 F = Levels seen in this place.
 G = Mean time per level.
                   A        B        C        D        E       F      G
               +--------+--------+--------+--------+--------+-----+--------+
         Total |   8500 |   8401 |     99 |   2846 |   4453 |   7 | 1214.3 |
       Dungeon |   7183 |   7084 |     99 |   2117 |   4142 |   6 | 1197.2 |
         Sewer |   1317 |   1317 |      0 |    729 |    310 |   1 | 1317.0 |
               +--------+--------+--------+--------+--------+-----+--------+

Top non-repeatable levels by time:
     D:3: 1629 daAuts
     D:1: 1392 daAuts
   Sewer: 1317 daAuts
     D:2: 1312 daAuts
     D:4: 1195 daAuts
     D:5: 870 daAuts
     D:6: 782 daAuts
